 Dungeon Crawl Stone Soup version 0.26.0-10-g1f06aea511 (webtiles) character file.

Game seed: 17454852357025061826

6078 gruber the Destroyer (level 10, -7/56 HPs)
             Began as an Octopode Conjurer on Jan 18, 2021.
             Was an Elder of Vehumet.
             Mangled by an iguana (13 damage)
             ... on level 9 of the Dungeon.
             The game lasted 00:16:00 (11064 turns).

gruber the Destroyer (Octopode Conjurer)           Turns: 11064, Time: 00:16:01

Health: -7/56      AC:  1    Str: 14    XL:     10   Next: 88%
Magic:  5/13       EV: 14    Int: 23    God:    Vehumet [****..]
Gold:   599        SH:  5    Dex: 16    Spells: 7/13 levels left

rFire    . . .     SeeInvis +   I - +1 dagger (venom)
rCold    . . .     Faith    .   m - +0 buckler
rNeg     . . .     Spirit   .   (helmet restricted)
rPois    +         Reflect  .   g - amulet of the acrobat
rElec    .         Harm     .   k - ring of stealth
rCorr    .         Rampage  .   l - ring of see invisible
Will     .....                  w - ring of stealth
Stlth    +++++.....             y - +6 ring of dexterity
HPRegen  0.18/turn              A - +6 ring of strength
MPRegen  0.13/turn              C - ring of poison resistance
                                (no ring)
                                (no ring)

@: no status effects
A: almost no armour, stealthy swim, amphibious, 8 rings, constrict 8, camouflage
1, gelatinous body 1
a: Renounce Religion


You were on level 9 of the Dungeon.
You worshipped Vehumet.
Vehumet was greatly pleased with you.
You visited 2 branches of the dungeon, and saw 11 of its levels.

You collected 599 gold pieces.

Inventory:

Hand Weapons
 E - a +1 short sword of holy wrath
 I - a +1 dagger of venom (weapon)
Missiles
 f - 61 poisoned darts (quivered)
Armour
 m - a +0 buckler (worn)
Jewellery
 g - an amulet of the acrobat (around mantle)
 k - a ring of stealth (left tentacle)
 l - a ring of see invisible (right tentacle)
 w - a ring of stealth (on tentacle)
 y - a +6 ring of dexterity (on tentacle)
 A - a +6 ring of strength (on tentacle)
 C - a ring of poison resistance (on tentacle)
Wands
 q - a wand of iceblast (13)
 u - a wand of acid (9)
 G - a wand of digging (8)
Scrolls
 b - a scroll of immolation {unknown}
 d - 3 scrolls of enchant armour {unknown}
 e - 15 scrolls of identify {unknown}
 h - 7 scrolls of remove curse {unknown}
 i - 2 scrolls of amnesia {unknown}
 j - 5 scrolls of teleportation {unknown}
 p - 2 scrolls of enchant weapon {unknown}
 v - a scroll of fog {unknown}
 D - a scroll of random uselessness {unknown}
 H - a scroll of noise {unknown}
Potions
 a - 2 potions of might {unknown}
 c - a potion of lignification {unknown}
 n - a potion of curing {unknown}
 o - a potion of haste {unknown}
 r - a potion of cancellation {unknown}
 s - 2 potions of invisibility {unknown}
 t - 2 potions of brilliance {unknown}
 x - 2 potions of berserk rage {unknown}
 z - a potion of magic {unknown}
 B - 3 potions of resistance {unknown}
 F - a potion of mutation {unknown}


   Skills:
 - Level 0.2(0.3) Short Blades
 - Level 0.2(0.3) Long Blades
 - Level 0.2(0.3) Axes
 - Level 0.2(0.4) Maces & Flails
 - Level 0.2(0.3) Staves
 - Level 0.3 Bows
 - Level 0.2 Crossbows
 - Level 2.2 Throwing
 - Level 2.0 Dodging
 - Level 2.6 Stealth
 - Level 5.0 Shields
 - Level 2.0 Spellcasting
 * Level 12.9 Conjurations
 - Level 0.5 Hexes
 - Level 0.2 Summonings
 - Level 0.2 Necromancy
 - Level 0.4 Translocations
 - Level 0.2 Transmutations
 - Level 0.2 Fire Magic
 - Level 7.1 Ice Magic
 - Level 0.4 Air Magic
 - Level 0.2 Earth Magic
 - Level 0.3 Poison Magic
 - Level 0.2 Invocations
 - Level 0.4 Evocations


You had 7 spell levels left.
You knew the following spells:

 Your Spells              Type           Power        Failure   Level
a - Magic Dart            Conj           100%         1%          1
b - Searing Ray           Conj           100%         1%          2
c - Frozen Ramparts       Ice            70%          1%          3

Your spell library contained the following spells:

 Spells                   Type           Power        Failure   Level
 Yara's Violent Unravell  Hex/Tmut       2%           58%         5
 Dazzling Flash           Conj/Hex       66%          1%          3
 Fulminant Prism          Conj/Hex       16%          2%          4
 Iskenderun's Mystic Bla  Conj/Tloc      33%          2%          4


Dungeon Overview and Level Annotations

Branches:
Dungeon (10/15)            Temple (1/1) D:5            Lair (0/6) D:10
    Orc (0/2) D:9

Altars:
Ashenzari
Dithmenos
Elyvilon
Fedhas
Gozag
Kikubaaqudgha
Makhleb
Nemelex Xobeh
Okawaru
Qazlal
Sif Muna
Trog
Vehumet
Xom
Zin

Shops:
D:4 [   D:9 [

Annotations:
D:9 2 transporters


Innate Abilities, Weirdness & Mutations

You cannot wear most types of armour.
You are very stealthy in the water. (Stealth+)
You are amphibious.
You can wear up to eight rings at the same time.
You can use your tentacles to constrict eight enemies at once.
Your skin changes colour to match your surroundings (Stealth+).
Your rubbery body absorbs attacks. (AC +1, EV +1)


Message History

You hear a shout! x2; You hear a howl!
There is a stone staircase leading up here.
Unknown command.
The iguana bites you!
* * * LOW HITPOINT WARNING * * *
You climb upwards.
Level annotation: 2 transporters
There is a stone staircase leading down here.
Unknown command.
Unknown command.
Casting: Searing Ray (safe; 1% risk of failure)
Confirm with . or Enter, or press ? or * to list all spells.
Aiming: Searing Ray (safe; 1% risk of failure)
Press: ? - help, Shift-Dir - straight line, f - iguana
Aim: an iguana (15% to evade)
The searing ray hits the iguana.
The iguana is moderately wounded. (Press . to maintain the ray.)
The iguana bites you!
You die...

######
#####....#######
#...#..........#####
#...#...............
#..)...........#####
#...................
#.l.....#......#####
#..@................
#...†..#........##.#
#......#........<#.#
#......#........##.#
##......#...........#
#.......#............
#.......#.....(..####
#.....###............
###.....#............


You could see an iguana.

Vanquished Creatures
  Psyche (D:9)
  Maggie (D:7)
  A komodo dragon (D:10)
  A troll (D:9)
  Sigmund (D:3)
  5 orc warriors
  4 sky beasts
  3 ice beasts
  2 black bears (D:9)
  3 phantoms
  2 ogres
  A necrophage (D:9)
  3 centaurs
  A big kobold (D:7)
  7 bullfrogs
  5 scorpions
  8 wights
  5 killer bees (D:7)
  4 howler monkeys
  3 centaur zombies
  3 orc priests
  5 hounds
  Crazy Yiuf (D:7)
  10 orc wizards
  2 bullfrog zombies
  A centaur skeleton (D:5)
  A bullfrog skeleton (D:10)
  A jelly (D:7)
  3 iguanas
  8 worker ants
  3 hound skeletons
  3 gnolls (D:2)
  15 adders
  A shadow imp (D:10)
  2 white imps
  4 ufetubi
  2 worms
  2 leopard geckos (D:2)
  44 orcs
  4 giant cockroaches
  6 goblins
  7 hobgoblins
  20 jackals
  12 kobolds
  3 quokkas
  10 bats
  3 frilled lizards
  A jackal skeleton (D:9)
  A leopard gecko zombie (D:5)
  A quokka zombie (D:8)
  7 rats
247 creatures vanquished.

Notes
Turn   | Place    | Note
-------+----------+-------------------------------------------
     0 | D:1      | gruber the Octopode Conjurer began the quest for the Orb.
     0 | D:1      | Reached XP level 1. HP: 11/11 MP: 3/3
   287 | D:1      | Reached XP level 2. HP: 16/17 MP: 5/5
  1109 | D:2      | Reached XP level 3. HP: 15/21 MP: 4/6
  1124 | D:2      | Learned a level 2 spell: Searing Ray
  1226 | D:2      | Reached skill level 5 in Conjurations
  1315 | D:2      | Reached XP level 4. HP: 27/27 MP: 4/7
  1427 | D:2      | Reached skill level 1 in Throwing
  1965 | D:3      | Reached XP level 5. HP: 31/31 MP: 1/8
  2049 | D:3      | Reached skill level 6 in Conjurations
  2185 | D:3      | You fall into a shaft and drop 1 floor!
  2268 | D:4      | Reached XP level 6. HP: 36/36 MP: 4/9
  2557 | D:5      | Entered Level 5 of the Dungeon
  2687 | D:5      | Reached XP level 7. HP: 41/41 MP: 2/10
  2920 | D:5      | Found a staircase to the Ecumenical Temple.
  2992 | Temple   | Entered the Ecumenical Temple
  3071 | Temple   | Became a worshipper of Vehumet
  3369 | D:5      | Found a burning altar of Makhleb.
  4407 | D:4      | Found Immimib's Armour Boutique.
  4498 | D:4      | Reached skill level 5 in Shields
  4580 | D:3      | Reached * piety under Vehumet
  4580 | D:3      | Offered knowledge of Foxfire by Vehumet.
  4582 | D:3      | Reached skill level 7 in Conjurations
  4582 | D:3      | Reached XP level 8. HP: 27/46 MP: 3/11
  4899 | D:3      | Found a blossoming altar of Fedhas.
  4903 | D:3      | Noticed Sigmund
  4911 | D:3      | Killed Sigmund
  4912 | D:3      | Reached skill level 8 in Conjurations
  5723 | D:6      | Reached skill level 9 in Conjurations
  5880 | D:6      | Offered knowledge of Freeze by Vehumet.
  5951 | D:6      | Found a broken altar of Ashenzari.
  6093 | D:7      | Found a runed translucent door.
  6094 | D:7      | Noticed Crazy Yiuf
  6129 | D:7      | Reached ** piety under Vehumet
  6391 | D:7      | Reached XP level 9. HP: 51/51 MP: 5/12
  6540 | D:7      | Reached skill level 10 in Conjurations
  6614 | D:7      | Found a sparkling altar of Nemelex Xobeh.
  6620 | D:7      | Found an iron altar of Okawaru.
  6898 | D:7      | Noticed Maggie
  6906 | D:7      | Killed Maggie
  6907 | D:7      | Reached skill level 11 in Conjurations
  7078 | D:7      | Found a shimmering altar of Xom.
  7078 | D:7      | Found a glowing silver altar of Zin.
  7079 | D:7      | Found a stormy altar of Qazlal.
  7501 | D:7      | Killed Crazy Yiuf
  7593 | D:7      | Offered knowledge of Frozen Ramparts by Vehumet.
  7601 | D:7      | Learned a level 3 spell: Frozen Ramparts
  7749 | D:8      | Reached skill level 1 in Ice Magic
  8082 | D:8      | Reached *** piety under Vehumet
  8272 | D:8      | Reached XP level 10. HP: 56/56 MP: 10/13
  8499 | D:8      | Reached skill level 5 in Ice Magic
  8940 | D:8      | Offered knowledge of Airstrike by Vehumet.
  9465 | D:9      | Found a transporter.
  9467 | D:9      | Noticed a kobold demonologist
  9481 | D:9      | Noticed Psyche
  9833 | D:9      | Found a flagged portal.
  9836 | D:9      | Found a broken altar of Ashenzari.
  9925 | D:9      | Found Higuefis's Armour Shoppe.
  9927 | D:9      | Reached **** piety under Vehumet
  9945 | D:9      | Offered knowledge of Yara's Violent Unravelling by Vehumet.
  9946 | D:9      | Reached skill level 12 in Conjurations
 10045 | D:9      | Found a staircase to the Orcish Mines.
 10368 | D:9      | Noticed a kobold demonologist
 10370 | D:9      | Noticed a kobold demonologist
 10469 | D:9      | Found a transporter.
 10470 | D:9      | Noticed a deep elf knight
 10471 | D:9      | Noticed a kobold demonologist
 10472 | D:9      | Noticed a deep elf knight
 10478 | D:9      | Noticed a fire crab
 10525 | D:9      | Found a bloodstained altar of Trog.
 10686 | D:10     | Entered Level 10 of the Dungeon
 10716 | D:9      | Killed Psyche
 10810 | D:10     | Noticed a fire dragon
 10945 | D:10     | Found a staircase to the Lair.
 11064 | D:9      | Mangled by an iguana

Illustrated notes

Levels and vault maps discovered:
D:1:      dpeg_arrival_subterranean_lakeside_camping, layout_loops_ring,
          glass_columns_c, grunt_decor_arrowhead, skrybe_limestone_x
D:2:      layout_basic, minmay_split_cup_large
D:3:      layout_rooms, lemuel_crystal_altar, uniq_sigmund
D:4:      layout_loops_ring, serial_shops, nicolae_shop_trees
D:5:      layout_loops_ring, minmay_temple_entry_glassed_door,
          hangedman_decor_peaks_small, hangedman_abyss_or_decor_stabs,
          makhleb_blood_cavern_becter
D:6:      layout_rooms, kennysheep_mini
D:7:      layout_gridville, amethyst_overflow_temple_binary,
          gammafunk_temple_overflow_claw, uniq_maggie, uniq_crazy_yiuf_cottage
D:8:      layout_basic, bh_walls_and_bars
D:9:      gammafunk_wand_slinger, layout_basic, orc_david_3, basic_altar,
          enter_bailey_2, trog_book, uniq_psyche
D:10:     layout_cave_pools, minmay_lair_entry_lava,
          hangedman_abyss_or_decor_passed
Temple:   regret_index_temple_generic_petals

Skill      XL: |  1  2  3  4  5  6  7  8  9 10 |
---------------+-------------------------------+-----
Conjurations   | 5 6 7 9 11 12 | 12.9
Throwing       | 1 2 |  2.2
Shields        | 2 5 |  5.0
Ice Magic      | 3 7 |  7.1
Short Blades   | |  0.2
Long Blades    | |  0.2
Axes           | |  0.2
Maces & Flails | |  0.2
Staves         | |  0.2
Bows           | |  0.3
Crossbows      | |  0.2
Dodging        | |  2.0
Stealth        | |  2.6
Spellcasting   | |  2.0
Hexes          | |  0.5
Summonings     | |  0.2
Necromancy     | |  0.2
Translocations | |  0.4
Transmutations | |  0.2
Fire Magic     | |  0.2
Air Magic      | |  0.4
Earth Magic    | |  0.2
Poison Magic   | |  0.3
Invocations    | |  0.2
Evocations     | |  0.4

Action                   |  1- 3 |  4- 6 |  7- 9 | 10-12 || total
-------------------------+-------+-------+-------+-------++-------
Melee: Unarmed           |    43 |     5 |    24 |       ||    72
       Constrict         |    14 |     2 |    15 |     3 ||    34
       Tentacles         |     4 |     1 |    13 |     2 ||    20
       Dagger            |       |       |    38 |     9 ||    47
Throw: Dart              |    18 |     7 |       |       ||    25
 Cast: Magic Dart        |     9 |     5 |     3 |     9 ||    26
       Searing Ray       |     2 |    19 |    73 |    54 ||   148
 Stab: Sleeping          |     5 |       |     5 |     1 ||    11
Armor: Skin              |    11 |     1 |       |     2 ||    14
Dodge: Dodged            |    40 |    27 |   106 |    32 ||   205
Block: Buckler           |       |     1 |    28 |    20 ||    49
